Cogmind - Beta 14 @@@ ROGUE MODE // 2024.09.02 @ 22:14:43 Player: Unit6544 Result: Destroyed by S-27 Virus with Autogun Performance ------------- Evolutions (4) 2000 Regions Visited (5) 1000 Robots Destroyed (53) 265 Value Destroyed (1888) 1888 Prototype IDs (0) 0 Alien Tech Used (0) 0 Bonus (22) 22 TOTAL SCORE: 5175 Bonus ------- High Alert Combat Kills 22 Cogmind --------- Core Integrity 0/850 Matter 134/300 Energy 100/100 System Corruption 0% Temperature Cool (0) Movement Core (50) Location -6/Factory Parts ------- > --- POWER (2) -------- (None) > --- PROPULSION (4) --- (None) > --- UTILITY (6) ------ EM Disruption Field > --- WEAPON (3) ------- (None) > --- INVENTORY (5) ---- Light Ion Engine Shock Absorption System Hacking Suite Recalibrator Peak State ------------ > --- POWER ------------ Micro Nuclear Core > --- PROPULSION ------- Aluminum Leg Aluminum Leg Carbon-fiber Leg Titanium Leg > --- UTILITY ---------- Small Storage Unit Improved Targeting Computer Matter Filter Advanced ECM Suite Improved Medium Armor Plating Shock Absorption System > --- WEAPON ----------- Flak Cannon Flak Cannon Flak Cannon > --- INVENTORY -------- Xenon Bombardment Thruster Xenon Bombardment Thruster Xenon Bombardment Thruster Xenon Bombardment Thruster Flak Cannon Flak Cannon Improved Proton Missile Launcher [Rating: 42] Favorites ----------- Power Micro Nuclear Core Engine Light Ion Engine Power Core Micro Nuclear Core Propulsion Aluminum Leg Treads Light Treads Leg Aluminum Leg Wheel Compact Wheel Flight Unit Xenon Bombardment Thruster Utility Small Storage Unit Device Improved Heat Sink Storage Small Storage Unit Processor Improved Targeting Computer Protection Improved Weapon Shielding Weapon Beam Rifle Energy Gun Beam Rifle Energy Cannon Plasma Cannon Ballistic Gun Light Assault Rifle Ballistic Cannon Flak Cannon Launcher Mini Grenade Launcher Piercing Weapon Spear Build | -11 -10 -9 -8 -7 -6 ------- Run | Yrd Mat Mat Mat Fac Fac Slots Evolved 8 | . . 2 2 2 2 Power 1 | . . . . 1 . Propulsion 2 | . . 2 . . . Utility 4 | . . . 2 . 2 Weapon 1 | . . . . 1 . Parts Attached 74 | 6 2 16 21 20 9 Power 12 | 1 1 1 4 5 . Engine 6 | 1 1 1 2 1 . Core 6 | . . . 2 4 . Reactor . | . . . . . . Propulsion 20 | 2 1 5 8 3 1 Treads 2 | . . . 2 . . Leg 9 | . . . 6 3 . Wheel 8 | 2 1 5 . . . Hover . | . . . . . . Flight 1 | . . . . . 1 Utility 15 | 1 . 2 3 4 5 Device 9 | . . . 2 3 4 Storage 2 | 1 . . . . 1 Processor 1 | . . 1 . . . Hackware . | . . . . . . Protection 3 | . . 1 1 1 . Artifact . | . . . . . . Weapon 27 | 2 . 8 6 8 3 Energy Gun 11 | 1 . 4 1 3 2 Energy Cannon 5 | . . 1 2 2 . Ballistic Gun 1 | 1 . . . . . Ballistic Cannon 3 | . . . . 2 1 Launcher 6 | . . 3 3 . . Special Weapon . | . . . . . . Impact Weapon . | . . . . . . Slashing Weapon . | . . . . . . Piercing Weapon 1 | . . . . 1 . Special Melee Weapon . | . . . . . . Unidentified Prototypes . | . . . . . . Corrupted Parts 2 | . 1 1 . . . System Corruption 11 | . 6 5 . . . Parts Lost 31 | . 2 5 7 5 12 Power 5 | . . 1 1 2 1 Propulsion 9 | . 1 2 3 . 3 Utility 6 | . . . . 1 5 Weapon 11 | . 1 2 3 2 3 Highest Loss Streak 11 | . 1 2 5 3 11 To Critical Strikes . | . . . . . . Average Slot Usage (%) 81 | . 58 78 81 96 59 Engine 3 | . 11 9 3 2 . Core 5 | . . . 5 9 3 Leg 18 | . . . 21 30 16 Wheel 6 | . 27 29 1 . . Device 6 | . . . 7 7 12 Storage 7 | . 14 11 9 7 4 Processor 6 | . . 3 9 7 5 Protection 4 | . . 4 3 6 2 Energy Gun 9 | . 4 9 8 14 . Energy Cannon 3 | . . 4 2 4 . Ballistic Cannon 2 | . . . . . 12 Launcher 2 | . . 5 5 . . Peak Build Rating 42 | 6 5 11 27 37 42 Average Rating 23 | 3 4 9 18 34 27 On Entrance 13 | . 5 4 11 27 31 Naked Turns 75 | . . . . . 75 Heaviest Build 45 | 11 10 22 22 38 45 Greatest Support 64 | 32 32 64 55 55 52 Greatest Overweight (x) 5 | 3 . . 5 . 4 Average Overweight (x) . | . . . . . . Largest Inventory Capacity 8 | 8 8 8 8 8 8 Average Capacity 7 | 7 8 8 8 8 6 Most Carried 8 | 5 3 7 8 8 8 Average Carried 4 | 1 1 3 6 5 5 Final Capacity 8 | 8 8 8 8 8 5 Final Carried 8 | 1 1 6 8 8 4 Class Distribution -------------------- 47% | Mutant 17% | Gunner 17% | Scavenger-Mutant 13% | Scavenger-Gunner 4% | Tank Dominant Class ---------------- Mutant | -10/Materials Mutant | -9/Materials Mutant | -8/Materials Scavenger-Gunner | -7/Factory Mutant | -6/Factory Resources | -11 -10 -9 -8 -7 -6 ----------- Run | Yrd Mat Mat Mat Fac Fac Matter Collected 1172 | 260 . 223 281 229 179 Remotely . | . . . . . . Salvage Created 1944 | . 45 440 373 954 132 Parts 103 | . 2 25 30 44 2 Haulers Intercepted . | . . . . . . Recyclers Shooed 2 | . . . . 2 . Parts Field Recycled . | . . . . . . Retrieved Matter . | . . . . . . Parts Self-Destructed . | . . . . . . Prevented . | . . . . . . Kills | -11 -10 -9 -8 -7 -6 ------- Run | Yrd Mat Mat Mat Fac Fac Combat Hostiles Destroyed 43 | . 1 11 12 16 3 Guns 23 | . 1 3 6 13 . Cannons 9 | . . 4 1 1 3 AOE 9 | . . 4 5 . . Classes Destroyed 12 | . 1 4 3 3 1 Worker 3 | . . 1 . 2 . Builder 2 | . . . . 2 . Recycler 2 | . . . 1 1 . Mechanic 1 | . . . . . 1 Watcher 2 | . . . 2 . . Swarmer 7 | . . . 7 . . Grunt 21 | . 1 5 3 10 2 Brawler 2 | . . 2 . . . Duelist 1 | . . 1 . . . Sentry 9 | . . 3 2 3 1 Hunter 2 | . . . . 2 . Programmer 1 | . . . . 1 . Best Kill Streak 8 | . 1 2 8 4 1 Combat Bots Only 8 | . 1 2 8 4 1 Max Kills in Single Turn 4 | . 1 1 4 1 1 Gunslinging . | . . . . . . Exploded 4 | . . 1 4 . . Melee . | . . . . . . Uniques/NPCs Destroyed . | . . . . . . Combat | -11 -10 -9 -8 -7 -6 -------- Run | Yrd Mat Mat Mat Fac Fac Hostile Shots Fired 459 | . 26 51 66 139 177 Missed 143 | . 9 11 11 55 57 Damage Taken 4874 | . 257 628 716 1414 1859 Core 1683 | . 84 126 155 451 867 Absorbed by Shields . | . . . . . . Redirected to Shielding 100 | . . . . 100 . Core Remaining (%) 68 | 100 66 68 71 35 . Volleys Fired 147 | . 10 37 32 50 18 Largest 3 | . 1 2 2 3 3 Hottest 205 | . 40 113 131 205 132 Shots Fired 320 | . 10 68 51 141 50 Gun 194 | . 10 34 35 112 3 Cannon 102 | . . 18 10 27 47 Launcher 24 | . . 16 6 2 . Special . | . . . . . . Kinetic 47 | . . . . . 47 Thermal 195 | . . 18 38 139 . Explosive 20 | . . 16 4 . . Electromagnetic 58 | . 10 34 9 2 3 Robot Hit Streak 15 | . 4 8 11 15 5 Robot Miss Streak 13 | . 1 3 2 3 13 Penetration Max . | . . . . . . Secondary Targets 2 | . . . 2 . . Max Gunslinging Chain 1 | . . . 1 . . Shots Hit Robots 209 | . 7 34 36 95 37 Core Hits 117 | . 3 19 18 39 38 Critical Kills 1 | . . . . 1 . Critical Parts Destroyed . | . . . . . . Critical Strikes 7 | . . . . 7 . Burn 6 | . . . . 6 . Meltdown 1 | . . . . 1 . Melee Attacks . | . . . . . . Impact . | . . . . . . Slashing . | . . . . . . Piercing . | . . . . . . Sneak Attacks . | . . . . . . Combat Hostiles . | . . . . . . Follow-up Attacks . | . . . . . . Damage Inflicted 4600 | . 97 994 888 1899 722 Guns 2227 | . 89 254 410 1426 48 Cannons 1399 | . . 226 144 362 667 Explosions 935 | . . 512 334 89 . Melee . | . . . . . . Ramming 39 | . 8 2 . 22 7 Kinetic 667 | . . . . . 667 Thermal 2444 | . . 226 430 1788 . Explosive 770 | . . 512 258 . . Electromagnetic 680 | . 89 254 200 89 48 Impact . | . . . . . . Slashing . | . . . . . . Piercing . | . . . . . . Highest Corruption 7 | . 7 5 . 2 . Average Corruption 3 | . 3 5 . 1 . Corruption Purged . | . . . . . . Corruption Blocked . | . . . . . . Effects 33 | . 5 16 . 12 . Message Errors 7 | . . 4 . 3 . Matter Fused 5 | . 1 1 . 3 . Heat Flow Errors 7 | . . 5 . 2 . Energy Discharges 3 | . . 2 . 1 . Parts Rejected 1 | . 1 . . . . Data Loss (minor) 3 | . 1 2 . . . Data Loss (major) 2 | . 1 1 . . . Misfires 3 | . . 1 . 2 . Alerts 2 | . 1 . . 1 . Overload Shots . | . . . . . . Overflow Damage 68 | . . 17 20 31 . Projectiles 31 | . . . . 31 . Explosions 37 | . . 17 20 . . Melee . | . . . . . . Knockbacks 9 | . . . . . 9 Impact . | . . . . . . Kinetic 9 | . . . . . 9 Secondary . | . . . . . . Self-Inflicted Damage 172 | . 4 76 63 29 . Shots 8 | . . 2 4 2 . Rammed 3 | . 1 2 . . . Targets Rammed 7 | . 1 2 . 2 2 Kicked 4 | . . . . 2 2 Crushed . | . . . . . . Highest Temperature 736 | . 38 529 305 736 156 Average Temperature 131 | . 21 104 154 169 56 Received Heat Transfer 1227 | . 120 213 180 363 351 Effects 28 | . . 3 . 25 . Shutdowns 8 | . . 1 . 7 . Energy Bleed 5 | . . 1 . 4 . Interference 3 | . . 1 . 2 . Matter Decay 1 | . . . . 1 . Short Circuit 3 | . . . . 3 . Damage (minor) 2 | . . . . 2 . Damage (major) 3 | . . . . 3 . Damage (core) 3 | . . . . 3 . Siege Activations . | . . . . . . Robots Corrupted . | . . . . . . Combat Hostiles . | . . . . . . Parts Fried 2 | . . . 2 . . Impact Corruptions . | . . . . . . Robots Melted 2 | . . . . 2 . Combat Hostiles 2 | . . . . 2 . Parts Melted 14 | . . . 2 12 . Heat Transferred 5659 | . . 407 962 4290 . Parts Sabotaged . | . . . . . . Parts Stolen . | . . . . . . Parts Stripped . | . . . . . . Power Chain Reactions . | . . . . . . Alert | -11 -10 -9 -8 -7 -6 ------- Run | Yrd Mat Mat Mat Fac Fac Peak Influence 514 | . 30 336 514 404 230 Initial 159 | . . 12 83 159 110 Average 230 | . 16 169 338 287 125 Maximum Alert Level 2 | . . 1 2 2 1 Low Security (%) 38 | 100 100 68 10 13 75 Level 1 54 | . . 31 71 79 24 Level 2 6 | . . . 18 6 . Level 3 . | . . . . . . Level 4 . | . . . . . . Level 5 . | . . . . . . High Security . | . . . . . . Max Security . | . . . . . . Squads Dispatched 12 | . . . 2 4 6 Investigation 3 | . . . 1 . 2 Extermination 3 | . . . . 2 1 Reinforcement 6 | . . . 1 2 3 Assault . | . . . . . . Garrison . | . . . . . . Intercept . | . . . . . . Searches Triggered . | . . . . . . Construction Impeded 1 | . . . . . 1 Haulers Reinforced . | . . . . . . Active Scanning Responses . | . . . . . . Cargo Convoy Interrupts . | . . . . . . Stealth | -11 -10 -9 -8 -7 -6 --------- Run | Yrd Mat Mat Mat Fac Fac Distress Signals 2 | . . . 1 . 1 Communications Jammed . | . . . . . . Distress Signals . | . . . . . . Times Spotted 102 | . 7 10 21 28 36 Peak Tracking Total 10 | . 4 3 5 6 10 Tactical Retreats 9 | . 1 . 2 4 2 Traps | -11 -10 -9 -8 -7 -6 ------- Run | Yrd Mat Mat Mat Fac Fac Traps Triggered 8 | . 1 . 1 2 4 Indirectly . | . . . . . . Trap Hack Attempts . | . . . . . . Triggered . | . . . . . . Disarmed . | . . . . . . Reprogrammed . | . . . . . . Reused . | . . . . . . Traps Extracted . | . . . . . . Installed . | . . . . . . Triggered . | . . . . . . Machines | -11 -10 -9 -8 -7 -6 ---------- Run | Yrd Mat Mat Mat Fac Fac Machines Disabled 7 | . . 1 5 . 1 Max in Single Turn 2 | . . 1 2 . 1 Machines Repaired . | . . . . . . Machines Dismantled . | . . . . . . Machines Sabotaged . | . . . . . . Overloaded Fab Kills . | . . . . . . Hacking | -11 -10 -9 -8 -7 -6 --------- Run | Yrd Mat Mat Mat Fac Fac Machines Accessed 1 | . . . . 1 . Terminals . | . . . . . . Fabricators . | . . . . . . Repair Stations 1 | . . . . 1 . Recycling Units . | . . . . . . Scanalyzers . | . . . . . . Garrison Access . | . . . . . . Total Hacks 1 | . . . . 1 . Successful . | . . . . . . Failed 1 | . . . . 1 . Catastrophic . | . . . . . . Database Lockouts . | . . . . . . Manual . | . . . . . . Terminals . | . . . . . . Fabricators . | . . . . . . Repair Stations 1 | . . . . 1 . Recycling Units . | . . . . . . Scanalyzers . | . . . . . . Garrison Access . | . . . . . . Terminal Hacks . | . . . . . . Fabricator Hacks . | . . . . . . Repair Station Hacks . | . . . . . . Recycling Unit Hacks . | . . . . . . Scanalyzer . | . . . . . . Garrison Access Hacks . | . . . . . . Unauthorized Hacks . | . . . . . . Terminals . | . . . . . . Fabricators . | . . . . . . Repair Stations . | . . . . . . Recycling Units . | . . . . . . Scanalyzers . | . . . . . . Garrison Access . | . . . . . . Data Cores Recovered . | . . . . . . Used . | . . . . . . Hacking Detections . | . . . . . . Full Trace Events . | . . . . . . Feedback Events . | . . . . . . Feedback Blocked . | . . . . . . Robot Schematics Acquired . | . . . . . . Robots Built . | . . . . . . Authchips . | . . . . . . Time . | . . . . . . Total Robot Build Rating . | . . . . . . Part Schematics Acquired . | . . . . . . Parts Built . | . . . . . . Authchips . | . . . . . . Time . | . . . . . . Total Part Build Rating . | . . . . . . Parts Repaired . | . . . . . . Time . | . . . . . . Parts Recycled . | . . . . . . Recycled Matter . | . . . . . . Retrieved Matter . | . . . . . . Retrieved Components . | . . . . . . Parts Scanalyzed . | . . . . . . Part Schematics Acquired . | . . . . . . Parts Damaged . | . . . . . . Bothacking | -11 -10 -9 -8 -7 -6 ------------ Run | Yrd Mat Mat Mat Fac Fac Used RIF Installer . | . . . . . . Robots Hacked . | . . . . . . Non-combat . | . . . . . . Combat . | . . . . . . Robot Hacks Applied . | . . . . . . Relay Couplers Released . | . . . . . . Fabnet Peak Effective % . | . . . . . . Robots Rewired . | . . . . . . Allies Hacked . | . . . . . . Hacks Repelled . | . . . . . . Allies | -11 -10 -9 -8 -7 -6 -------- Run | Yrd Mat Mat Mat Fac Fac Total Allies . | . . . . . . Largest Group . | . . . . . . Highest-Rated Group . | . . . . . . Highest-Rated Ally . | . . . . . . Total Orders . | . . . . . . Ally Attacks . | . . . . . . Total Damage . | . . . . . . Kills . | . . . . . . Allies Corrupted . | . . . . . . Allies Melted . | . . . . . . Intel | -11 -10 -9 -8 -7 -6 ------- Run | Yrd Mat Mat Mat Fac Fac Robot Analysis Total . | . . . . . . Derelict Logs Recovered . | . . . . . . Drone Launches . | . . . . . . Drone Recoveries . | . . . . . . Exploration | -11 -10 -9 -8 -7 -6 ------------- Run | Yrd Mat Mat Mat Fac Fac Turns Passed 3479 | 50 187 598 692 1346 606 Spaces Moved 2215 | 40 171 347 416 754 487 Core 263 | 12 . . 8 . 243 Treads 71 | . . . 71 . . Legs 1299 | . . . 301 754 244 Wheels 582 | 28 171 347 36 . . Hover . | . . . . . . Flight . | . . . . . . Fastest Speed 50 | 50 90 86 100 122 50 Average Speed 110 | 92 94 96 126 122 96 Slowest Speed 300 | 200 100 100 300 123 260 Overloaded Moves . | . . . . . . Propulsion Burnouts . | . . . . . . Robots Hopped . | . . . . . . Cave-ins Triggered . | . . . . . . Exploration Rate (%) 21 | 3 34 29 32 18 15 Regions Visited 5 Branch Regions . Pre-discovered Areas . | . . . . . . Known Exits Taken . | . . . . . . Unknown Exits Taken 5 | 1 1 1 1 1 . Scrap Searched . | . . . . . . Spaces Dug . | . . . . . . Terrain Destroyed 173 | . . 122 51 . . Melee . | . . . . . . Projectile . | . . . . . . AOE 173 | . . 122 51 . . Terrain Rammed . | . . . . . . Walls Destroyed . | . . . . . . Machines Disabled . | . . . . . . Actions | -11 -10 -9 -8 -7 -6 --------- Run | Yrd Mat Mat Mat Fac Fac Total 2977 | 53 185 541 531 1079 588 Wait 378 | . . 115 28 198 37 Move 2210 | 39 170 346 415 753 487 Hop . | . . . . . . Pick Up 97 | 7 2 19 24 30 15 Fast Attach . | . . . . . . Attach 48 | 6 2 8 15 9 8 Detach 1 | . . . . 1 . Swap 26 | . . 8 6 11 1 Drop 56 | 1 . 6 11 25 13 Fire 147 | . 10 37 32 50 18 Melee . | . . . . . . Ram 3 | . 1 2 . . . Kick 4 | . . . . 2 2 Crush . | . . . . . . Escape Stasis . | . . . . . . Rewire 7 | . . . . . 7 Trap . | . . . . . . Miscellaneous . | . . . . . . Route ------- -11/Scrapyard -10/Materials -9/Materials -8/Materials -7/Factory -6/Factory History --------- Turn | Location | Event 6 | -11/Scrapyard | Discovered new exit (range 16) 51 | -11/Scrapyard | Entered Materials 205 | -10/Materials | Discovered new exit (range 16) 238 | -10/Materials | Entered another Materials area 238 | -9/Materials | Evolved 2 slots: Propulsion x2 306 | -9/Materials | Build established: Mutant 821 | -9/Materials | Discovered new exit (range 9) 836 | -9/Materials | Entered another Materials area 836 | -8/Materials | Evolved 2 slots: Utility x2 934 | -8/Materials | Destroyed 8 combat bots 939 | -8/Materials | Lost 5 parts (1p2n2w) 1290 | -8/Materials | Discovered new exit (range 15) 1528 | -8/Materials | Entered Factory 1528 | -7/Factory | Evolved 2 slots: Power x1, Weapon x1 1822 | -7/Factory | Build established: Gunner 2282 | -7/Factory | Build established: Scavenger-Gunner 2435 | -7/Factory | Core integrity fell below 50% 2740 | -7/Factory | Build established: Scavenger-Mutant 2745 | -7/Factory | Lost 3 parts (1p2w) 2784 | -7/Factory | Discovered new exit (range 5) 2874 | -7/Factory | Entered another Factory area 2874 | -6/Factory | Evolved 2 slots: Utility x2 3363 | -6/Factory | Lost 11 parts (1p3n4u3w) 3404 | -6/Factory | Assembled infested ambush trap array 3407 | -6/Factory | Core integrity fell below 50% 3440 | -6/Factory | Spotted B-75 Beast 3467 | -6/Factory | Core integrity fell below 20% 3480 | -6/Factory | Destroyed by S-27 Virus with Autogun Last Messages --------------- R-10 Processor collects Adv. ECM Suite. Slug penetrates Terminal. G-50 Soldier destroyed. G-50 Soldier Lgt. Angular Momentum Engine severed. ALERT: Hostiles spotted, dispatching reinforcements to Terminal F004. Acquired EM Disruption Field. Triggered Alarm Trap. An alarm sounds. ALERT: Alarm triggered, dispatching investigation squad. Assembly Bed disabled. U-05 Engineer lays Concrete. Acquired Hacking Suite. Acquired Recalibrator. Acquired Shock Absorption System. U-05 Engineer destroyed. Acquired 26 matter. Acquired Lgt. Ion Engine. Map ----- +----------------------------------------------------+ | ! """" ???????????????????????????????? | | """" ????????????????????????????????? | | """" ? ?????????????????????????????? | | """" ! ???????????????????????????? | | """" ???????????????????????????? | | """" "???????????????????????????? | | "???????????????????????????? | | """" """" "???????????????????????????? | | """ """" ????????????????????????????? | | """" """" ??????????????????????????????? | | """" """" #???????????????????????????????? | | """" """" #???????????????????????????????? | | """" """" #???????????????????????????????? | | #???????????????????????????????? | | """" #???????????????????????????????? | | """" * #???????????????????????????????? | | """" #???????????????????????????????? | | """" #???????????????????????????????? | | """" ""T"" #???????????????????????????????? | | """" """"" #???????????????????????????????? | | #???????????????????????????????? | | ! #???????????????????????????????? | | #"T"# #######???????????????????????????????? | | #"""# #?????????????????????????????????????? | | ##+#?##### #????????########?????????????????????? | | ?????????# #????????# @ #?????????????????????? | | ?????????# #????????# #?????????????????????? | | ?????????# #????????# | #?????????????????????? | | ?????????# #????????# ss #?????????????????????? | | ?????????# ##########A! ! #?????????????????????? | | ?????????# As #?????????????????????? | | ?????????#+#################?????????????????????? | | ?????????# ?????????????????????????????????????? | | ?????????# "?????????????????????????????????????? | | ?????????# ""????????????????????????????????????? | | ?????????? ""????????????????????????????????????? | | ?????????? ???????????????????????????????????? | | ??????????####???????????????????????????????????? | | | | | | | | | | | | | | | | | | | | | | | | | +----------------------------------------------------+ Best States ------------- Heat Dissipation 59 Energy Generation 25 Energy Capacity 430 Matter Stores 300 Matter Capacity 350 Sight Range 16 Terrain Scan Density 10 ECM Strength 2 Armor Coverage 225 Resistance: EX 25 Resistance: EM 25 Weapon Shielding 66 Evasion (%) 55 Targeting Accuracy 6 Recoil Reduction 2 Matter Filtering 30 Item Schematics ----------------- None Robot Schematics ------------------ None Fabricated ------------ Nothing Alien Tech Used ----------------- None Achievements -------------- None Challenges ------------ None Game ------ Seed ScanCloakMace Manual? 0 Play Time 00:49:36 Cumulative 9.5 hours Start 2024.09.02 @ 21:26:31 End 2024.09.02 @ 22:14:43 Sessions 1 Manual Loads 0 Difficulty Rogue Special Mode None Game No. 21 Rogue 21 Adventurer 0 Explorer 0 Win Type - Total 0 Types 0/0/0/0/0/0/0/0/0 Lore% 3 Gallery% 14 Achievement% 17 Wizard Run 0 Options --------- Layout 1 ASCII 0 Keyboard 0 Movement Mouse Keybinds 0 Fullscreen 1 Font 24/Smallcaps Map View 50x40 Zoom Use 0% Tactical HUD 0 Map Filters NONE Filters NONE Steam 1 RUN: 4af90a98-5661-48a9-8e76-2f11acea34ec